 Dungeon Crawl Stone Soup version 0.19.0 (webtiles) character file.

9265 Banto the Carver (level 11, -11/76 HPs)
             Began as a High Elf Skald on Nov 2, 2016.
             Was a High Priest of Okawaru.
             Mangled by a swamp worm (17 damage)
             ... on level 10 of the Dungeon.
             The game lasted 00:17:58 (9927 turns).

Banto the Carver (High Elf Skald)                   Turns: 9927, Time: 00:17:58

Health: -11/76     AC: 12    Str: 15    XL:     11   Next: 20%
Magic:  16/16      EV: 23    Int: 16    God:    Okawaru [*****.]
Gold:   428        SH:  0    Dex: 24    Spells: 3 memorised, 8 levels left

rFire  + . .     SeeInvis +     e - +3 great sword of Rist {protect, *Noise rElec Dex+5 SInv}
rCold  x . .     Gourm    .     N - +3 leather armour {rPois}
rNeg   . . .     Faith    .     (shield currently unavailable)
rPois  +         Spirit   .     A - +0 helmet
rElec  +         Reflect  .     s - +2 cloak
rCorr  .         Harm     .     R - +0 pair of gloves "Neblaij" {Str+4} (curse)
MR     +....                    S - +0 pair of boots
Stlth  ++........               (no amulet)
                                a - ring of fire
                                c - ring of flight (curse)

@: no status effects
A: no striking features
a: Heroism, Finesse, Renounce Religion, Evoke Flight


You were on level 10 of the Dungeon.
You worshipped Okawaru.
Okawaru was extremely pleased with you.
You were not hungry.

You visited 2 branches of the dungeon, and saw 11 of its levels.

You collected 666 gold pieces.
You spent 238 gold pieces at shops.

Inventory:

Hand Weapons
 e - the +3 great sword of Rist (weapon) {protect, *Noise rElec Dex+5 SInv}
   (Okawaru gifted it to you on level 9 of the Dungeon)

   It protects the one who uses it against injury (+AC on strike).
   It affects your dexterity (+5).
   It insulates you from electricity.
   It lets you see invisible.
   It may make noises in combat.
 f - a +3 short sword of electrocution
 P - a +0 scimitar
Missiles
 q - 15 tomahawks (quivered)
 y - 2 throwing nets
Armour
 g - a +3 leather armour of fire resistance
 s - a +2 cloak (worn)
 A - a +0 helmet (worn)
 N - a +3 leather armour of poison resistance (worn)
 R - the cursed +0 pair of gloves "Neblaij" (worn) {Str+4}
   (You found it on level 9 of the Dungeon)

   It affects your strength (+4).
   It has a curse placed upon it.
 S - a +0 pair of boots (worn)
Jewellery
 a - a ring of fire (right hand)
 c - a cursed ring of flight (left hand)
 j - an uncursed ring of resist corrosion
 r - a +3 ring of strength
 E - an uncursed ring of positive energy
Wands
 t - a wand of slowing (27/48)
 G - a wand of paralysis (6/24)
Scrolls
 i - 5 scrolls of enchant weapon
 m - 3 scrolls of fear
 B - a scroll of recharging
 F - 3 scrolls of remove curse
 I - a scroll of magic mapping
 O - 3 scrolls of amnesia
 Q - a scroll of fog
Potions
 h - 3 potions of haste
 k - a potion of resistance
 l - 4 potions of curing
 n - 2 potions of agility
 p - 4 potions of heal wounds
 u - a potion of brilliance {unknown}
 x - 2 potions of magic {unknown}
 C - 2 potions of cancellation {unknown}
 D - 2 potions of degeneration {unknown}
 H - 3 potions of ambrosia {unknown}
 J - 3 potions of flight {unknown}
 K - a potion of might
 L - 2 potions of lignification
 M - a potion of mutation {unknown}
Comestibles
 b - 9 slices of pizza
 d - 7 bread rations
 o - 2 royal jellies
 v - 8 meat rations
 z - 3 beef jerkies


   Skills:
 + Level 7.6 Fighting
 - Level 12.0 Long Blades
 - Level 0.8 Armour
 - Level 12.0 Dodging
 - Level 2.4 Spellcasting
 - Level 3.6 Charms
 + Level 5.8 Invocations


You had 8 spell levels left.
You knew the following spells:

 Your Spells              Type           Power        Failure   Level  Hunger
a - Infusion              Chrm           ##..         8%          1    #......
b - Song of Slaying       Chrm           ##......     10%         2    ###....
c - Ozocubu's Armour      Chrm/Ice       #.......     38%         3    ###....


Dungeon Overview and Level Annotations

Branches:
Dungeon (10/15)            Temple (1/1) D:4             Orc (0/2) D:9
   Lair: D:8-11

Altars:
Ashenzari
Cheibriados
Dithmenos
Elyvilon
Fedhas
Gozag
Hepliaklqana
Kikubaaqudgha
Makhleb
Nemelex Xobeh
Okawaru
Qazlal
Ru
Sif Muna
Trog
Uskayaw
Vehumet
Xom
Yredelemnul
Zin
The Shining One

Shops:
D:3 *   D:5 !   D:8 [


Message History

Moving in this stuff is going to be slow.
You now have 428 gold pieces (gained 9).
You enter the shallow water.
Moving in this stuff is going to be slow.
A swamp worm bursts forth from the water.
The swamp worm misses you. The swamp worm bites you!!
You take 18 damage, and have 58/76 hp.
MASSIVE DAMAGE!!
The swamp worm bites you. The swamp worm bites you!
You take 12 damage, and have 46/76 hp.
The swamp worm barely misses you. The swamp worm bites you!
You take 14 damage, and have 32/76 hp.
The swamp worm barely misses you. The swamp worm bites you!
* * * LOW HITPOINT WARNING * * *
You take 14 damage, and have 18/76 hp.
The swamp worm completely misses you.
You riposte.
You closely miss the swamp worm. The swamp worm bites you!
* * * LOW HITPOINT WARNING * * *
You take 14 damage, and have 4/76 hp.
The swamp worm bites you!
You die...

#..........#
#.....(.(.##
#####.#########
#.####≈≈≈≈≈
#..#≈≈≈≈≈≈
##.≈≈≈# #.≈≈## #
#.≈≈# ≈# #@≈≈##
≈≈#
#.w≈≈#######≈≈≈#
#..≈≈≈≈≈≈≈≈≈≈≈#
##...≈≈≈≈≈≈≈#
###...######
#####


You could see a swamp worm.

Vanquished Creatures
  The ghost of ZlagarX the Destroyer, a novice HuVM of Sif Muna (D:7)
  A hill giant (D:9)
  Pikel (D:4)
  A gargoyle (D:9)
  A yaktaur (shapeshifter) (D:9)
  The ghost of Quirk the Skirmisher, a novice GrFi (D:5)
  2 trolls (D:9)
  Prince Ribbit (D:6)
  Grinder (D:6)
  A hippogriff (D:8)
  Sigmund (D:3)
  2 hogs (D:6)
  A wyvern (D:8)
  4 yaks
  Eustachio (D:6)
  A wraith (D:10)
  A human (D:6)
  4 wargs
  A water moccasin (D:7)
  An ice beast (D:8)
  4 phantoms
  3 orc warriors
  6 ogres
  2 black bears
  A hornet zombie (D:8)
  The ghost of Quirk the Skirmisher, an amateur DsFi (D:3)
  4 centaurs
  2 big kobolds
  A gnoll sergeant (D:9)
  2 bullfrogs (D:9)
  4 howler monkeys
  3 crimson imps
  2 bullfrog zombies (D:5)
  A centaur zombie (D:8)
  6 orc priests
  Crazy Yiuf (D:2)
  5 hounds
  10 orc wizards
  A bullfrog skeleton (D:9)
  A centaur skeleton (D:9)
  Jessica (D:2)
  2 iguanas
  9 worker ants
  A killer bee zombie (D:6)
  A hound skeleton (D:9)
  3 worker ant zombies
  9 gnolls
  16 adders
  4 shadow imps
  2 oozes
  2 adder skeletons
  3 worms
  5 dart slugs
  8 leopard geckos
  44 orcs
  A ball python (D:3)
  10 bats
  4 giant cockroaches
  6 hobgoblins
  8 jackals
  5 quokkas
  6 frilled lizards
  8 goblins
  2 jackal skeletons
  8 kobolds
  A leopard gecko zombie (D:6)
  A quokka skeleton (D:9)
  A quokka zombie (D:9)
  10 rats
269 creatures vanquished.

Vanquished Creatures (others)
  3 crimson imps (D:5)
  An orc wizard (D:5)
  A gnoll (D:5)
  A quokka skeleton (D:5)
6 creatures vanquished.

Grand Total: 275 creatures vanquished

Notes
Turn   | Place    | Note
-------+----------+-------------------------------------------
     0 | D:1      | Banto the High Elf Skald began the quest for the Orb.
     0 | D:1      | Reached XP level 1. HP: 14/14 MP: 4/4
   623 | D:1      | Reached XP level 2. HP: 16/19 MP: 6/6
   825 | D:1      | Reached XP level 3. HP: 24/24 MP: 7/7
  1019 | D:2      | Found a faded altar of an unknown god.
  1442 | D:2      | Reached XP level 4. HP: 26/29 MP: 8/8
  1462 | D:2      | Found a glowing golden altar of the Shining One.
  1464 | D:2      | Found a deep blue altar of Sif Muna.
  1465 | D:2      | Found a blossoming altar of Fedhas.
  1465 | D:2      | Found a shimmering altar of Xom.
  1638 | D:2      | Found a runed door.
  1664 | D:2      | Found a sacrificial altar of Ru.
  1697 | D:2      | Noticed Crazy Yiuf
  1701 | D:2      | Killed Crazy Yiuf
  1701 | D:2      | Reached XP level 5. HP: 33/34 MP: 9/9
  1830 | D:2      | Noticed Jessica
  1840 | D:2      | Killed Jessica
  1840 | D:2      | Reached skill level 5 in Long Blades
  2236 | D:3      | Noticed Sigmund
  2252 | D:3      | Noticed Quirk's ghost (amateur DsFi)
  2309 | D:3      | Reached XP level 6. HP: 9/39 MP: 6/10
  2563 | D:3      | Found Zin's Purification Station.
  2582 | D:3      | Found a glowing silver altar of Zin.
  2665 | D:3      | Killed Sigmund
  2665 | D:3      | Reached skill level 5 in Dodging
  3158 | D:3      | Killed Quirk's ghost
  3158 | D:3      | Reached XP level 7. HP: 39/45 MP: 8/11
  3313 | D:4      | Learned a level 2 spell: Song of Slaying
  3332 | D:4      | Found a staircase to the Ecumenical Temple.
  3343 | Temple   | Entered the Ecumenical Temple
  3385 | Temple   | Became a worshipper of Warmaster Okawaru
  4186 | D:5      | Entered Level 5 of the Dungeon
  4205 | D:5      | Noticed Pikel
  4344 | D:4      | Killed Pikel
  4344 | D:4      | Reached * piety under Okawaru
  4344 | D:4      | Reached XP level 8. HP: 32/50 MP: 7/12
  4631 | D:5      | Found a hide-covered altar of Uskayaw.
  5067 | D:5      | Found Mezuzuf's Distillery.
  5079 | D:5      | Bought 2 potions of heal wounds for 140 gold pieces
  5079 | D:5      | Bought a potion of might for 56 gold pieces
  5079 | D:5      | Bought a potion of lignification for 42 gold pieces
  5142 | D:5      | Noticed Quirk's ghost (novice GrFi)
  5190 | D:5      | Killed Quirk's ghost
  5190 | D:5      | Reached ** piety under Okawaru
  5434 | D:6      | Reached skill level 10 in Long Blades
  5443 | D:6      | Reached XP level 9. HP: 53/54 MP: 4/13
  5452 | D:6      | Noticed Prince Ribbit
  5471 | D:6      | Killed Prince Ribbit
  5489 | D:6      | Noticed Eustachio
  5549 | D:6      | Killed Eustachio
  5895 | D:6      | Noticed Grinder
  5916 | D:6      | Reached *** piety under Okawaru
  5920 | D:6      | Killed Grinder
  5920 | D:6      | Reached skill level 10 in Dodging
  6099 | D:6      | Found a shimmering altar of Xom.
  6780 | D:7      | Reached **** piety under Okawaru
  6780 | D:7      | Reached XP level 10. HP: 59/61 MP: 14/14
  6870 | D:7      | Noticed ZlagarX's ghost (novice HuVM)
  6880 | D:7      | Killed ZlagarX's ghost
  6880 | D:7      | Received a gift from Okawaru
  7695 | D:8      | Found Uczaephu's Antique Armour Shop.
  7877 | D:8      | Reached skill level 5 in Fighting
  8258 | D:9      | Reached skill level 1 in Invocations
  8259 | D:9      | Found a staircase to the Orcish Mines.
  8393 | D:9      | Reached ***** piety under Okawaru
  8465 | D:9      | Got a pair of encrusted gloves
  8489 | D:9      | Identified the cursed +0 pair of gloves "Neblaij" {Str+4} (You found it on level 9 of the Dungeon)
  8556 | D:9      | Learned a level 3 spell: Ozocubu's Armour
  8825 | D:9      | Noticed a hill giant
  8839 | D:9      | Killed a hill giant
  8839 | D:9      | Reached XP level 11. HP: 57/74 MP: 7/15
  8866 | D:9      | Received a gift from Okawaru
  8867 | D:9      | Got a polished great sword {god gift}
  8868 | D:9      | Identified the +3 great sword of Rist {protect, *Noise rElec Dex+5 SInv} (Okawaru gifted it to you on level 9 of the Dungeon)
  8889 | D:9      | Reached skill level 5 in Invocations
  9805 | D:9      | Found a hazy altar of Hepliaklqana.
  9853 | D:10     | Entered Level 10 of the Dungeon
  9927 | D:10     | Mangled by a swamp worm

Skill      XL: |  1  2  3  4  5  6  7  8  9 10 11 |
---------------+----------------------------------+-----
Dodging        | 2 3 4 5 7 9 11 12 | 12.0
Long Blades    | 3 4 5 6 8 10 12 | 12.0
Fighting       | 6 7 |  7.6
Invocations    | 4 5 |  5.8
Armour         | |  0.8
Spellcasting   | |  2.4
Charms         | |  3.6

Action                   |  1- 3 |  4- 6 |  7- 9 | 10-12 || total
-------------------------+-------+-------+-------+-------++-------
Melee: Falchion          |    14 |       |       |       ||    14
       Short sword       |    75 |   158 |   391 |   270 ||   894
       Great sword       |       |       |       |   100 ||   100
Throw: Tomahawk          |       |       |       |     2 ||     2
 Cast: Infusion          |     3 |     4 |    18 |     9 ||    34
Invok: Heroism           |       |       |     1 |     1 ||     2
Evoke: Wand              |       |       |     4 |       ||     4
  Use: Scroll            |     4 |     3 |     7 |     4 ||    18
       Potion            |       |     1 |     1 |     1 ||     3
 Stab: Sleeping          |       |     1 |     2 |     7 ||    10
       Paralysed         |       |     1 |     3 |       ||     4
       Invisible         |       |       |       |     6 ||     6
  Eat: Chunk             |     2 |     5 |    13 |    10 ||    30
Armor: Leather armour    |    35 |    49 |    76 |    61 ||   221
Dodge: Dodged            |    59 |   110 |   299 |   303 ||   771
       Rpst.: Great sword |       |       |       |    24 ||    24

Table legend:
 A = Turns spent in this place as a percentage of turns spent in the entire game.
 B = Non-inter-level travel turns spent in this place as a percentage of non-inter-level travel turns spent in the entire game.
 C = Inter-level travel turns spent in this place as a percentage of turns spent in this place.
 D = Turns resting spent in this place as a percentage of non-inter-level travel turns spent in this place.
 E = Turns spent auto-exploring this place as a percentage of non-inter-level travel turns spent in this place.
 F = Non-inter-level travel turns spent in this place divided by the number of levels of this place that you've seen.
                   A       B       C       D       E      F
               +-------+-------+-------+-------+-------+----------------------
         Total | 100.0 | 100.0 |   0.7 |   2.7 |   9.2 | 303.1
       Dungeon |  99.3 |  99.4 |   0.6 |   2.7 |   8.8 | 331.3
        Temple |   0.7 |   0.6 |   8.7 |   0.0 |  76.2 |  21.0
               +-------+-------+-------+-------+-------+----------------------

Table legend:
 A = Kills in this place as a percentage of kills in entire the game.
 B = Kills by you in this place as a percentage of kills by you in the entire game.
 C = Kills by friends in this place as a percentage of kills by friends in the entire game.
 D = Other kills in this place as a percentage of other kills in the entire game.
 E = Experience gained in this place as a percentage of experience gained in the entire game.
 F = Experience gained in this place divided by the number of levels of this place that you have seen.
                   A       B       C       D       E      F
               +-------+-------+-------+-------+-------+----------------------
         Total | 100.0 | 100.0 |  -nan |  -nan | 100.0 | 1203.3
       Dungeon | 100.0 | 100.0 |  -nan |  -nan | 100.0 | 1323.6
               +-------+-------+-------+-------+-------+----------------------
